 Dungeon Crawl Stone Soup version 0.30.1-11-g7821555f0a (webtiles) character file.

Game seed: 503240400004242009

500574 Kagerus the Metallomancer (level 25, -12/113 (117) HPs)
             Began as a Gargoyle Earth Elementalist on Nov 7, 2023.
             Was a High Priest of Ru.
             Killed by divine providence
             ... invoked by a daeva
              (14 damage)
             ... on level 7 of the Abyss on Nov 13, 2023.
             The game lasted 08:51:53 (111080 turns).

Kagerus the Metallomancer (GrEE)                  Turns: 111080, Time: 08:51:53

HP:   -12/113 (117) AC: 34    Str: 13      XL:     25   Next: 21%
MP:   12/31         EV: 15    Int: 18 (21) God:    Ru [*****.]
Gold: 3950          SH: 16    Dex: 10 (12) Spells: 7/60 levels left

rFire   + + .        V - +8 demon whip (protect)
rCold   + + .        c - +3 kite shield {reflect}
rNeg    + . .        W - +1 robe of Vines {NoPotionHeal Regen++++}
rPois   ∞            x - +2 hat {SInv}
rElec   +            m - scarf {rC+ rF+}
rCorr   .            p - +2 pair of gloves
SInv    +            F - +0 pair of boots
Will    +....        L - amulet of magic regeneration Stlth
                     I - ring of protection from cold
HPRegen 0.00/turn    C - ring "Sirofoump" {Wiz rF+ Slay+3}
MPRegen 0.62/turn

%: random rage (3%), reflection, wizardry (x1)
@: exhausted, about to teleport, silenced, under a protective aura, flying,
inhibited regen, slowed, studying Summonings, lightly drained, unable to drink,
very slow
A: sickness immunity, AC +19, big wings, low MP 1[+2], negative energy
resistance 1, electricity resistance, torment resistance 1, petrification
resistance, no stealth, inability to use devices, inability to train armour, no
ice magic, no necromancy magic, no transmutations magic, deformed body, weak 1,
[berserk 1], [clumsy 1], [deterioration 2], [frail 3], low MP 1[+2], [inhibited
regeneration], [no potion heal 2], [subdued magic 2], [inability to drink after
injury 2], [inability to read after injury 1]
}: 2/15 runes: decaying, serpentine
a: Renounce Religion


You were on level 7 of the Abyss.
You worshipped Ru.
Ru was extremely pleased with you.
You visited 9 branches of the dungeon, and saw 43 of its levels.
You visited the Abyss 1 time.
You also visited: Bailey.

You collected 6717 gold pieces.
You spent 2767 gold pieces at shops.

Inventory:

Hand Weapons
 E - the +7 lajatang of Order {silver, rMut}
   (You took it off a deep elf demonologist on level 3 of the Elven Halls)

   rMut:      It protects you from mutation.
 G - the +7 lajatang of Trial by Ordeal {protect, Will+ Str+4}
   (You acquired it on level 8 of the Dungeon)

   Str:       It affects your strength (+4).
   Will:      It increases your willpower.
 U - a +1 morningstar of holy wrath
 V - a +8 demon whip of protection (weapon)
Missiles
 d - 4 throwing nets
 e - 70 poisoned darts (quivered)
 Q - 3 datura-tipped darts
 R - 5 curare-tipped darts
Armour
 c - a +3 kite shield of reflection (worn)
 m - a scarf of resistance (worn)
 p - a +2 pair of gloves (worn)
 x - a +2 hat of see invisible (worn)
 F - a +0 pair of boots (worn)
 W - the +1 robe of Vines (worn) {NoPotionHeal Regen++++}
   (You took it off a naga mage on level 3 of the Snake Pit)

   NoPotionHeal: Its wearer cannot be healed by potions.
   Regen:     It increases your rate of health regeneration.
Magical Staves
 u - the staff of conjuration "Datac" {rPois Will+++ Str-2 Int+3}
   (You acquired it on level 4 of the Dungeon)

   [staff of conjuration]

   Base accuracy: +5 Base damage: 5 Base attack delay: 1.2 This weapon's minimum
   attack delay (0.6) is reached at skill level 12.
   Str:       It affects your strength (-2).
   Int:       It affects your intelligence (+3).
   rPois:     It protects you from poison.
   Will:      It greatly increases your willpower.
   It falls into the 'Staves' category.
   It is a one-handed weapon.
 Z - the staff of cold "Jaegazik" {*Corrode +Blink rC+ SInv}
   (You found it on level 3 of the Elven Halls)

   [staff of cold]

   Your inability to study Ice Magic prevents you from drawing on the full power
   of this staff in melee.
   Base accuracy: +5 Base damage: 5 Base attack delay: 1.2 This weapon's minimum
   attack delay (0.6) is reached at skill level 12.
   rC:        It protects you from cold.
   SInv:      It lets you see invisible.
   +Blink:    It lets you blink.
   *Corrode:  It may corrode you when you take damage.
   It falls into the 'Staves' category.
   It is a one-handed weapon.
Jewellery
 b - an amulet of reflection
 C - the ring "Sirofoump" (right hand) {Wiz rF+ Slay+3}
   (You took it off a deep elf death mage on level 3 of the Elven Halls)

   [ring of wizardry]

   It improves your spell success rate.
   Slay:      It affects your accuracy & damage with ranged weapons and melee
   (+3).
   rF:        It protects you from fire.
 I - a ring of protection from cold (left hand)
 L - an amulet of magic regeneration (around neck)
 S - an amulet of guardian spirit
 X - the amulet "Hiug" {Contam Regen+ Int+5 Slay+6}
   (You took it off a deep elf sorcerer on level 3 of the Elven Halls)

   [amulet of regeneration]

   Int:       It affects your intelligence (+5).
   Slay:      It affects your accuracy & damage with ranged weapons and melee
   (+6).
   Contam:    It causes magical contamination when unequipped.
   Regen:     It increases your rate of health regeneration.
Scrolls
 g - 5 scrolls of amnesia
 k - 2 scrolls of poison
 o - 2 scrolls of silence
 t - 3 scrolls of fear
 y - 2 scrolls of teleportation
 A - a scroll of brand weapon
 B - 4 scrolls of immolation
 H - 2 scrolls of torment
 N - 7 scrolls of fog
 O - 9 scrolls of identify
 P - 4 scrolls of magic mapping
 Y - 3 scrolls of butterflies
Potions
 f - 13 potions of curing
 h - 8 potions of might
 i - 8 potions of flight
 j - 5 potions of lignification
 n - 2 potions of cancellation
 q - 16 potions of heal wounds
 s - 12 potions of brilliance
 v - 6 potions of attraction
 w - 9 potions of haste
 z - 2 potions of invisibility
 D - a potion of magic
 K - 3 potions of berserk rage
 M - 4 potions of resistance
 T - a potion of ambrosia


   Skills:
 - Level 20.0 Fighting
 - Level 6.2(8.0) Maces & Flails
 - Level 7.7(8.7) Staves
 + Level 11.3 Dodging
 - Level 17.0 Shields
 - Level 18.0 Spellcasting
 - Level 20.0 Conjurations
 - Level 5.8 Hexes
 - Level 7.1 Summonings
 - Level 6.0 Fire Magic
 - Level 22.9 Earth Magic


You had 7 spell levels left.
You knew the following spells:

 Your Spells              Type           Power      Damage    Failure   Level
a - Summon Mana Viper     Hex/Summ       24%        N/A       3%          5
b - Iskenderun's Battles  Conj           53%        2d10      0%          5
c - Stone Arrow           Conj/Erth      100%       3d13      0%          3
d - Cause Fear            Hex            11%        N/A       1%          4
e - Swiftness             Air            10%        N/A       4%          3
f - Lee's Rapid Deconstr  Erth           28%        3d15*     0%          5
g - Dazzling Flash        Conj/Hex       78%        N/A       0%          3
h - Iron Shot             Conj/Erth      27%        9d6       1%          6
i - Blink                 Tloc           20%        N/A       2%          2
j - Mephitic Cloud        Conj/Pois/Air  25%        N/A       1%          3
k - Starburst             Conj/Fire      19%        6d7       1%          6
l - Lehudib's Crystal Sp  Conj/Erth      27%        10d7      1%          8

Your spell library contained the following spells:

 Spells                   Type           Power      Damage    Failure   Level
 Foxfire                  Conj/Fire      100%       2x1d9     0%          1
 Magic Dart               Conj           100%       1d8       0%          1
 Sandblast                Erth           100%       2d20      0%          1
 Shock                    Conj/Air       100%       1d9       0%          1
 Call Imp                 Summ           52%        N/A       1%          2
 Momentum Strike          Conj/Tloc      64%        3d9       1%          2
 Static Discharge         Conj/Air       64%        2-5/arc   1%          2
 Call Canine Familiar     Summ           26%        N/A       1%          3
 Confusing Touch          Hex            23%        N/A       1%          3
 Inner Flame              Hex/Fire       23%        N/A       1%          3
 Portal Projectile        Hex/Tloc       32%        N/A       1%          3
 Tukima's Dance           Hex            23%        N/A       1%          3
 Volatile Blastmotes      Fire/Tloc      32%        2d12      1%          3
 Animate Armour           Summ/Erth      86%        N/A       1%          4
 Flame Wave               Conj/Fire      39%        2d11      1%          4
 Fulminant Prism          Conj/Hex       19%        3d10      1%          4
 Iskenderun's Mystic Bla  Conj/Tloc      32%        2d8       1%          4
 Leda's Liquefaction      Hex/Erth       21%        N/A       1%          4
 Sticky Flame             Conj/Fire      39%        2d6       1%          4
 Fireball                 Conj/Fire      19%        3d9       1%          5
 Orb of Destruction       Conj           26%        9d9       1%          7
 Lesser Beckoning         Tloc           20%        N/A       2%          2
 Poisonous Vapours        Pois/Air       20%        N/A       2%          2
 Gell's Gravitas          Tloc           10%        N/A       4%          3
 Teleport Other           Tloc           10%        N/A       4%          3
 Vhi's Electric Charge    Tloc/Air       20%        N/A       4%          3
 Summon Lightning Spire   Summ/Air       18%        N/A       4%          4
 Conjure Ball Lightning   Conj/Air       16%        3x3d6     4%          6
 Spellforged Servitor     Conj/Summ      20%        N/A       5%          7
 Airstrike                Air            5%         2d(1-17)  17%         4
 Passage of Golubria      Tloc           10%        N/A       17%         4
 Plasma Beam              Fire/Air       8%         2x1d20    61%         6
 Monstrous Menagerie      Summ           13%        N/A       63%         7
 Dispersal                Tloc           5%         N/A       95%         6
 Malign Gateway           Summ/Tloc      9%         N/A       98%         7
 Summon Horrible Things   Summ           13%        N/A       99%         8
 Discord                  Hex            11%        N/A       100%        8
 Disjunction              Tloc           5%         N/A       100%        8
 Dragon's Call            Summ           13%        N/A       100%        9
 Passwall                 Tmut/Erth      Unusable   N/A       N/A         2
 Freeze                   Ice            Unusable   1d6       N/A         1
 Necrotise                Necr           Unusable   1d6       N/A         1
 Petrify                  Tmut/Erth      Unusable   N/A       N/A         4
 Borgnjor's Vile Clutch   Necr/Erth      Unusable   N/A       N/A         5
 Cigotuvi's Dreadful Rot  Necr/Pois/Air  Unusable   N/A       N/A         2
 Freezing Cloud           Conj/Ice/Air   Unusable   6-21      N/A         5
 Statue Form              Tmut/Erth      Unusable   N/A       N/A         6
 Vampiric Draining        Necr           Unusable   2d6       N/A         3
 Anguish                  Hex/Necr       Unusable   N/A       N/A         4
 Summon Ice Beast         Ice/Summ       Unusable   N/A       N/A         4
 Yara's Violent Unravell  Hex/Tmut       Unusable   3d5       N/A         5
 Dispel Undead            Necr           Unusable   3d9       N/A         4
 Ice Form                 Ice/Tmut       Unusable   N/A       N/A         4
 Agony                    Necr           Unusable   N/A       N/A         5
 Death Channel            Necr           Unusable   N/A       N/A         6
 Dragon Form              Tmut           Unusable   N/A       N/A         7
 Storm Form               Tmut/Air       Unusable   N/A       N/A         7

Dungeon Overview and Level Annotations

Branches:
Dungeon (15/15)            Temple (1/1) D:6            Lair (5/5) D:11
  Swamp (4/4) Lair:2        Snake (4/4) Lair:3        Slime (0/5) Lair:5
    Orc (2/2) D:12            Elf (3/3) Orc:2        Vaults (5/5) D:14
  Crypt (0/3) Vaults:3     Depths (4/4) D:15            Zot (0/5) Depths:4
 Bailey (visited)

Altars:
Ashenzari
Cheibriados
Dithmenos
Elyvilon
Fedhas
Gozag
Hepliaklqana
Kikubaaqudgha
Makhleb
Nemelex Xobeh
Okawaru
Qazlal
Ru
Sif Muna
Trog
Uskayaw
Vehumet
Wu Jian
Xom
Yredelemnul
Zin
The Shining One
Lugonu

Shops:
D:2 (   D:14 *   D:15 (   Orc:2 *!!(   Elf:1 (   Elf:3 (   Snake:1 !!
Snake:4 [   Vaults:3 *   Depths:1 :=:

Portals:
Hell: Depths:1 Depths:2 Depths:3 Depths:4
Abyss: Lair:3 Depths:2 Depths:3
Pandemonium: Depths:1 Depths:2
Ziggurat: Depths:4

Annotations:
D:10 3 transporters
Lair:5 exclusion: oklob plant
Snake:2 2 transporters, Amplified's ghost, adept GnFi
Depths:4 5 runed translucent doors


Innate Abilities, Weirdness & Mutations

You are immune to sickness and miasma.
Your stone body is resilient. (AC +19)
You are immune to poison.
Your large and strong wings let you fly.
[Your magical capacity is extremely low. (-30% MP)]
You resist negative energy. (rN+)
You are resistant to electric shocks. (rElec)
You are resistant to unholy torment.
You are immune to petrification.
You cannot be stealthy.
You cannot study or use magical devices.
You cannot train Armour skill.
You cannot study or cast Ice magic.
You cannot study or cast Necromancy magic.
You cannot study or cast Transmutations magic.
Armour fits poorly on your strangely shaped body.
You are weak. (Str -2)
[You sometimes lose your temper in combat.]
[You are clumsy. (Dex -2)]
[Your body often deteriorates upon taking damage.]
[You are extremely frail. (-30% HP)]
[Your magical capacity is extremely low. (-30% MP)]
[You do not regenerate when monsters are visible.]
[Potions cannot restore your health.]
[Your spells are easier to cast, but less powerful.]
[You sometimes lose the ability to drink potions when taking damage.]
[You occasionally lose the ability to read scrolls when taking damage.]


Message History

You hit the bone dragon but do no damage.
The thrashing horror begins to attack, but is stunned by your conviction!
A neqoxec comes into view.
A deafening chorus of shrieks assaults your mind!
You redirect the daeva's attack!
The balrug gestures at you. Something smites you!
* * * LOW HITPOINT WARNING * * *
You block the eidolon's attack. x2
The raiju begins to attack, but is stunned by your conviction!
You redirect the smoke demon's attack!
The bone dragon bites you.
* * * LOW HITPOINT WARNING * * *
The bone dragon claws you but does no damage.
The bone dragon tramples you.
* * * LOW HITPOINT WARNING * * *
You hold your ground!
The neqoxec is engulfed in a cloud of scalding steam.
The neqoxec dies!
The black draconian knight begins to cast a spell, but is stunned by your conviction!
You cannot cast spells when silenced!
Okay, then.
A thrashing horror comes into view.
The balrug hits you but does no damage.
The wretched star pulses with an eldritch light!
Your regeneration stops near monsters.
The eidolon hits you but does no damage.
The eidolon closely misses you.
The thrashing horror begins to attack, but is stunned by your conviction!
You see a puff of smoke.
The bone dragon misses you. You block the bone dragon's attack. x2
The smoke demon gestures at you. Something smites you!
* * * LOW HITPOINT WARNING * * *
A deafening chorus of shrieks assaults your mind!
* * * LOW HITPOINT WARNING * * *
The balrug begins to attack, but is stunned by your conviction!
The daeva calls down the wrath of the Shining One upon you.
The Shining One smites you!
You die... x W 3

## # D t#.## *
## X#
#.3X.W#####x#
##2@DX*#
#h#..###1W*3XA.
# ..


#xXXh#X# ... Xz3x... h.x X3#..#. .. V#.#.## # 3#.##.# .### .# You could see a
bone dragon, 5 starcursed masses, a Hell Sentinel (unsilenced), a daeva, a
balrug (unsilenced), an eidolon (unsilenced), a wretched star (unsilenced), a
shadow wraith (invisible), 3 ancient zymes, an apocalypse crab (wandering), 2
thrashing horrors, a large abomination, 4 smoke demons, a raiju (unsilenced), a
neqoxec, a vampire (invisible), a flying skull and a lurking horror.

Vanquished Creatures
  An ancient lich (Abyss:7)
  Mara (Depths:3)
  Sojobo (Vaults:4)
  Saint Roka (Vaults:1)
  A caustic shrike (Depths:2)
  3 golden dragons
  A profane servitor (Abyss:7)
  4 bone dragons
  The ghost of TPoD the Slayer, an adept HOMo of Beogh (Vaults:3)
  A hellephant (Abyss:7)
  3 tentacled monstrosities
  Zenata (Vaults:2)
  4 liches
  3 deep elf blademasters
  Asterion (Vaults:1)
  An acid blob (Abyss:7)
  3 titans (Vaults:5)
  5 Executioners
  3 deep elf master archers
  An ancient champion (Depths:2)
  13 tentacled starspawn (Abyss:7)
  A sphinx (Vaults:4)
  A shadow dragon (Vaults:5)
  9 tengu reavers
  Donald (Lair:1)
  A draconian knight (Depths:4)
  3 storm dragons (Depths:4)
  9 nagarajas (Snake:4)
  7 fire giants
  4 frost giants
  A draconian monk (Depths:4)
  A fenstrider witch (Swamp:3)
  7 deep elf sorcerers
  A ghost moth (shapeshifter) (Vaults:3)
  9 vault wardens
  Aizul (Snake:2)
  A balrug (Abyss:7)
  A cacodemon (Abyss:7)
  An imperial myrmidon (Elf:1)
  4 ghouls
  5 deep elf elementalists
  3 iron dragons
  13 ironbound preservers
  3 spriggan defenders
  3 war gargoyles
  A caustic shrike skeleton (Depths:1)
  28 very ugly things
  6 ironbound thunderhulks
  6 deep elf demonologists
  A draconian annihilator (Depths:4)
  2 broodmothers (shapeshifter)
  3 green draconians (Depths:4)
  6 eleionomae
  16 stone giants
  2 vampire knights
  A black draconian (Depths:4)
  9 deep elf annihilators
  3 white draconians
  15 dire elephants
  2 spark wasps (Depths:3)
  2 bunyips (Swamp:1)
  4 yellow draconians (Depths:4)
  4 purple draconians (Depths:4)
  An eidolon (Abyss:7)
  3 green deaths
  2 entropy weavers
  10 ettins
  6 deep elf high priests
  8 great orbs of eyes
  6 ice dragons
  2 crystal guardians
  13 yaktaur captains
  6 deep elf death magi
  8 fire dragons
  4 rakshasas
  10 hydras
  2 ghost crabs (Swamp:3)
  37 vault guards
  2 hell beasts
  A spriggan air mage (Depths:2)
  2 peacekeepers
  A ragged hierophant (Elf:1)
  5 salamander tyrants
  8 ironbound frosthearts
  4 boulder beetles
  2 catoblepae
  6 anacondas
  7 two-headed ogres
  A radroach (shapeshifter) (Vaults:5)
  11 centaur warriors
  31 dancing weapons
  An ogre mage (D:14)
  9 alligators
  2 deep troll shamans
  3 hell hogs
  11 naga warriors
  9 death yaks
  11 naga sharpshooters
  4 deep troll earth magi
  A vampire mage (Depths:2)
  17 deep elf knights
  4 shock serpents
  A satyr (Abyss:7)
  4 spriggan berserkers
  7 tengu warriors
  21 thrashing horrors
  4 hell knights
  6 wretched stars
  Sonja (Lair:4)
  A fire crab (shapeshifter) (D:13)
  2 skysharks
  2 sun demons (Abyss:7)
  An iron troll (Depths:2)
  3 spatial maelstroms (Abyss:7)
  The ghost of SacredBeard the Merchant of Misery, a novice DsNe of Kikubaaqudgha (D:8)
  5 goliath frogs
  8 skeletal warriors
  A sixfirhy (Abyss:7)
  A quicksilver dragon simulacrum (Depths:2)
  3 spriggan druids
  35 deep trolls
  12 deep elf archers
  7 swamp dragons
  A deep troll (shapeshifter) (Vaults:4)
  8 glowing orange brains
  7 bog bodies (Swamp:4)
  13 lindwurms
  5 salamander mystics
  13 ironbound convokers
  14 naga ritualists
  7 necromancers
  5 wizards
  2 phantasmal warriors
  A shining eye (Abyss:5)
  A wolf spider (D:15)
  32 deep elf pyromancers
  A frost giant zombie (Depths:1)
  34 ugly things
  31 deep elf zephyrmancers
  A shining eye (shapeshifter) (Vaults:2)
  10 mana vipers
  A salamander (shapeshifter) (Vaults:2)
  8 orc sorcerers
  4 manticores
  A faun (shapeshifter) (Vaults:2)
  3 orc knights
  8 cyclopes
  4 will-o-the-wisps
  19 naga magi
  32 black mambas
  6 guardian serpents
  19 salamanders
  2 smoke demons
  17 vault sentinels
  11 elephants
  A rust devil (Abyss:5)
  3 centaur skeletons (D:14)
  3 orange demons
  13 cane toads
  An unseen horror (shapeshifter) (Vaults:2)
  5 kobold demonologists
  A rime drake (Lair:5)
  31 yaktaurs
  2 freezing wraiths
  9 komodo dragons
  3 unseen horrors
  8 tengu conjurers
  16 tyrant leeches
  2 polar bears
  6 ancient zymes
  6 trolls
  A harpy skeleton (D:14)
  20 large abominations
  2 saltlings (Elf:1)
  5 raiju
  17 hornets
  13 blink frogs
  A dream sheep (shapeshifter) (Vaults:2)
  41 slime creatures
  A fire giant simulacrum (Depths:1)
  5 air elementals
  5 flying skulls (Abyss:7)
  8 water elementals
  4 wraiths
  Sigmund (D:2)
  5 shadows
  An elf simulacrum (Vaults:4)
  22 yaks
  18 spriggans
  A nameless horror (Depths:2)
  3 wyverns
  2 ynoxinuls (Abyss:7)
  A vampire (D:13)
  5 steam dragons
  6 basilisks
  3 neqoxecs (Abyss:7)
  7 fire elementals
  40 vampire mosquitoes
  3 redbacks
  A redback (shapeshifter) (Vaults:5)
  Menkaure (D:4)
  7 wargs
  14 swamp worms
  A glowing shapeshifter zombie (Vaults:4)
  2 acid dragons
  44 nagas
  8 water moccasins
  A black bear (shapeshifter) (D:15)
  6 black bears
  2 ice beasts
  3 sky beasts
  17 orc warriors
  7 ogres
  15 wolves
  11 centaurs
  7 kobold brigands
  3 phantoms
  22 bullfrogs
  6 earth elementals
  3 scorpions
  7 gnoll sergeants
  A glowing shapeshifter simulacrum (Vaults:4)
  3 killer bees (D:7)
  4 howler monkeys
  An electric eel (Lair:5)
  7 crimson imps
  3 gnoll boudas
  3 hounds
  12 orc priests
  7 jellies
  4 sleepcaps
  9 starcursed masses
  3 iguanas
  34 orc wizards
  Robin (D:4)
  36 gnolls
  8 adders
  6 shadow imps
  6 white imps
  3 worms
  4 dart slugs
  105 orcs
  3 endoplasms
  5 giant cockroaches
  18 goblins
  10 hobgoblins
  17 jackals
  22 kobolds
  2 quokkas
  6 ball pythons
  A bat (D:2)
  4 frilled lizards
  6 rats
  2 lurking horrors (Lair:3)
  A starspawn tentacle (Abyss:7)
1868 creatures vanquished.

Vanquished Creatures (collateral kills)
  A golden dragon (Depths:2)
  3 nagarajas (Snake:4)
  A vault warden (Vaults:1)
  4 very ugly things
  A vampire knight (Depths:4)
  A purple draconian (Depths:4)
  3 dire elephants
  A yaktaur captain (Vaults:4)
  2 spriggan air magi
  A salamander tyrant (Snake:3)
  2 anacondas (Snake:3)
  3 naga warriors (Snake:4)
  A tengu warrior (Depths:3)
  6 hell knights
  A naga sharpshooter (Snake:4)
  A deep troll (Depths:3)
  2 lindwurms (Vaults:3)
  3 mana vipers (Snake:3)
  A phantasmal warrior (Depths:3)
  A necromancer (Depths:1)
  2 ugly things
  3 salamanders
  A guardian serpent (Snake:4)
  A black mamba (Snake:3)
  A naga mage (Snake:4)
  A yaktaur (Vaults:4)
  3 slime creatures (Vaults:1)
  2 redbacks (Vaults:2)
  2 nagas (Snake:4)
  A floating eye (shapeshifter) (Vaults:2)
  2 wolves (Depths:3)
58 creatures vanquished.

Vanquished Creatures (others)
  A deep elf blademaster (Elf:2)
  2 sphinxes (Vaults:3)
  A nagaraja (Snake:4)
  A vault warden (Vaults:2)
  A very ugly thing (Depths:3)
  A stone giant (Depths:2)
  A black draconian (Depths:4)
  A dire elephant (Vaults:2)
  A yaktaur captain (Vaults:1)
  A fire dragon (Depths:4)
  A salamander tyrant (Snake:3)
  A vault guard (Vaults:1)
  An ice dragon (Depths:1)
  A death yak (Lair:2)
  2 dancing weapons (Elf:2)
  A deep elf knight (Elf:2)
  4 deep trolls
  2 deep elf archers (Elf:1)
  An orc knight (Orc:1)
  An ironbound convoker (Vaults:2)
  A deep elf pyromancer (Elf:2)
  3 deep elf zephyrmancers
  A harpy (Vaults:1)
  An orc sorcerer (Elf:2)
  3 black mambas
  A naga mage (Vaults:1)
  A cane toad (Lair:5)
  2 tengu conjurers
  A yaktaur (Vaults:5)
  A bloated husk (Swamp:2)
  2 tyrant leeches (Swamp:4)
  A blink frog (Lair:3)
  2 large abominations (Abyss:7)
  2 air elementals (Elf:2)
  A slime creature (Vaults:1)
  A yak (D:9)
  A vampire mosquito (D:13)
  2 neqoxecs (Abyss:7)
  A redback (Vaults:3)
  A warg (Orc:2)
  A naga (Snake:4)
  2 orc warriors
  A centaur (D:12)
  A crimson imp (D:11)
  4 orc wizards
  3 orcs
  2 goblins (D:7)
  14 foxfires
  A lurking horror (Abyss:7)
  3 starspawn tentacles (Abyss:7)
87 creatures vanquished.

Grand Total: 2013 creatures vanquished

Notes
Turn   | Place    | Note
-------+----------+-------------------------------------------
     0 | D:1      | Kagerus the Gargoyle Earth Elementalist began the quest for
                  | the Orb.
     0 | D:1      | Reached XP level 1. HP: 10/10 MP: 3/3
   361 | D:1      | Reached skill level 4 in Earth Magic
   430 | D:1      | Reached XP level 2. HP: 15/15 MP: 0/5
   774 | D:1      | Reached XP level 3. HP: 19/19 MP: 4/7
  1509 | D:2      | You fall into a shaft and drop 1 floor!
  1520 | D:3      | Found a stormy altar of Qazlal.
  1655 | D:2      | Reached XP level 4. HP: 19/24 MP: 4/9
  1703 | D:2      | Noticed Sigmund
  2620 | D:2      | Found Pooxki's Antique Weapon Shoppe.
  2864 | D:3      | Learned a level 2 spell: Passwall
  2869 | D:3      | Reached skill level 1 in Fighting
  3091 | D:3      | Found an ornate altar of the Wu Jian Council.
  3324 | D:3      | Learned a level 3 spell: Stone Arrow
  3370 | D:4      | Reached skill level 1 in Maces & Flails
  3370 | D:4      | Reached XP level 5. HP: 30/30 MP: 8/11
  3435 | D:4      | Found a hide-covered altar of Uskayaw.
  3438 | D:4      | Found a glowing silver altar of Zin.
  3468 | D:4      | Found a white marble altar of Elyvilon.
  3471 | D:4      | Found a sparkling altar of Nemelex Xobeh.
  3524 | D:4      | Noticed a phantom
  3538 | D:4      | Killed a phantom
  3539 | D:4      | Reached XP level 6. HP: 22/38 MP: 2/12
  3664 | D:4      | Noticed Menkaure
  3670 | D:4      | Killed Menkaure
  3671 | D:4      | Reached XP level 7. HP: 43/43 MP: 8/13
  4428 | D:4      | Noticed Robin
  4531 | D:4      | Killed Robin
  5011 | D:2      | Killed Sigmund
  5012 | D:2      | Reached skill level 5 in Conjurations
  5453 | D:4      | Identified 3 scrolls of acquirement
  5453 | D:4      | Acquired 908 gold pieces
  5457 | D:4      | Acquired the staff of conjuration "Datac" {rPois Will+++
                  | Str-2 Int+3}
  5465 | D:4      | Acquired an amulet of reflection
  5698 | D:5      | Entered Level 5 of the Dungeon
  5705 | D:5      | Reached skill level 1 in Staves
  5806 | D:5      | Reached XP level 8. HP: 48/48 MP: 7/14
  5840 | D:5      | Found a snail-covered altar of Cheibriados.
  5984 | D:5      | Found a burning altar of Makhleb.
  6147 | D:5      | Reached skill level 5 in Fighting
  6479 | D:5      | Found a basalt altar of Yredelemnul.
  6481 | D:5      | Noticed a profane servitor
  6494 | D:5      | Found a glowing golden altar of the Shining One.
  6496 | D:5      | Noticed an angel
  7054 | D:6      | Found a staircase to the Ecumenical Temple.
  7073 | Temple   | Entered the Ecumenical Temple
  7348 | Temple   | Became a worshipper of Ru the Awakened
  7764 | D:6      | Reached skill level 5 in Earth Magic
  8373 | D:7      | Reached skill level 5 in Spellcasting
  8373 | D:7      | Reached XP level 9. HP: 45/54 MP: 0/16
  8510 | D:7      | Reached skill level 6 in Earth Magic
  8623 | D:7      | Found a flagged portal.
  8653 | Bailey   | Entered a bailey
  9754 | D:7      | Reached skill level 7 in Earth Magic
  9880 | D:7      | Learned a level 4 spell: Petrify
  9907 | D:7      | Reached skill level 1 in Transmutations
 10546 | D:8      | Found a bloodstained altar of Trog.
 10614 | D:8      | Reached XP level 10. HP: 63/63 MP: 12/19
 11531 | D:8      | Noticed SacredBeard's ghost (novice DsNe)
 11535 | D:8      | Found a runed translucent door.
 12338 | D:9      | Noticed a cyclops
 12397 | D:8      | Gained mutation: You cannot study or use magical devices.
                  | [Ru sacrifice]
 12397 | D:8      | Reached * piety under Ru
 12397 | D:8      | Reached ** piety under Ru
 13033 | D:9      | Noticed a two-headed ogre
 13044 | D:9      | Killed a two-headed ogre
 13045 | D:9      | Reached skill level 5 in Transmutations
 13365 | D:9      | Reached skill level 5 in Dodging
 13594 | D:9      | Learned a level 3 spell: Swiftness
 13910 | D:9      | Killed a cyclops
 14208 | D:10     | Entered Level 10 of the Dungeon
 14248 | D:10     | Reached XP level 11. HP: 69/69 MP: 14/21
 14376 | D:10     | Found an ancient bone altar of Kikubaaqudgha.
 14417 | D:10     | Learned a level 5 spell: Fireball
 14918 | D:10     | Found a transporter.
 14927 | D:10     | Found a transporter.
 15025 | D:8      | Killed SacredBeard's ghost
 15036 | D:8      | Acquired the +7 lajatang of Trial by Ordeal {protect, Will+
                  | Str+4}
 15276 | D:10     | Found a transporter.
 15776 | D:10     | Found a transporter.
 16045 | D:11     | Noticed a two-headed ogre
 16124 | D:11     | Found Viseaf's Book Emporium.
 16394 | D:11     | Identified the +11 rapier "Boxtetta" {flame, rN+ Int+2
                  | Dex+2}
 16420 | D:11     | Noticed a sun demon
 16428 | D:11     | Noticed a soul eater
 17295 | D:11     | Killed a two-headed ogre
 17712 | D:11     | Reached skill level 1 in Fire Magic
 18294 | D:11     | Found a staircase to the Lair.
 18366 | D:11     | Reached XP level 12. HP: 75/75 MP: 15/25
 18437 | D:11     | Noticed a two-headed ogre
 18585 | D:12     | Learned a level 3 spell: Dazzling Flash
 19024 | D:12     | Noticed a two-headed ogre
 19029 | D:12     | Killed a two-headed ogre
 19832 | D:12     | Reached skill level 1 in Armour
 20021 | D:12     | Found a staircase to the Orcish Mines.
 21353 | D:13     | Reached skill level 8 in Earth Magic
 21708 | D:13     | Noticed a two-headed ogre
 21709 | D:13     | Noticed a centaur warrior
 21714 | D:13     | Killed a two-headed ogre
 21716 | D:13     | Killed a centaur warrior
 21811 | D:13     | Noticed a tengu warrior
 21924 | D:13     | Killed a tengu warrior
 21925 | D:13     | Reached skill level 10 in Fighting
 22118 | D:13     | Reached skill level 9 in Earth Magic
 22118 | D:13     | Reached XP level 13. HP: 82/82 MP: 16/26
 22233 | D:13     | Reached skill level 5 in Armour
 22233 | D:13     | Reached skill level 1 in Shields
 22661 | D:13     | Reached skill level 10 in Earth Magic
 23911 | D:14     | Found Woneqo Zapysm's Demolitions Depot.
 23945 | D:14     | Bought a book of Power for 420 gold pieces
 23954 | D:14     | Learned a level 6 spell: Iron Shot
 24780 | D:14     | Reached skill level 5 in Staves
 25249 | D:14     | Found a gate to the Vaults.
 25255 | D:14     | Paralysed by something for 4 turns
 25340 | D:14     | Reached skill level 10 in Spellcasting
 25966 | Lair:1   | Entered Level 1 of the Lair of Beasts
 26742 | Lair:1   | Identified the +2 leather armour of the Mangosteen {Regen+}
 26836 | Lair:2   | Found a sacrificial altar of Ru.
 27537 | Lair:2   | Gained mutation: Your large and strong wings let you fly.
                  | [Gargoyle growth]
 27537 | Lair:2   | Reached XP level 14. HP: 92/92 MP: 19/28
 27610 | Lair:2   | Found a staircase to the Swamp.
 28225 | Lair:2   | Reached skill level 10 in Conjurations
 29705 | Lair:3   | Found a one-way gate to the infinite horrors of the Abyss.
 29825 | Lair:3   | Found a corrupted altar of Lugonu.
 30146 | Lair:3   | Found a staircase to the Snake Pit.
 30167 | Lair:3   | Reached skill level 11 in Earth Magic
 31072 | Lair:3   | Gained mutation: You cannot study or cast Ice magic. [Ru
                  | sacrifice]
 31072 | Lair:3   | Gained mutation: You cannot study or cast Transmutations
                  | magic. [Ru sacrifice]
 31072 | Lair:3   | Gained mutation: You cannot study or cast Necromancy magic.
                  | [Ru sacrifice]
 31072 | Lair:3   | Reached *** piety under Ru
 31845 | Lair:4   | Learned a level 5 spell: Iskenderun's Battlesphere
 32252 | Lair:4   | Noticed Sonja
 32266 | Lair:4   | Killed Sonja
 32475 | Lair:5   | Entered Level 5 of the Lair of Beasts
 32755 | Lair:5   | Found a staircase to the Slime Pits.
 32787 | Lair:5   | Reached skill level 12 in Earth Magic
 33072 | Lair:5   | Reached skill level 1 in Hexes
 33886 | Lair:5   | Reached skill level 5 in Hexes
 34049 | Lair:5   | Reached XP level 15. HP: 87/96 MP: 25/29
 34199 | Lair:5   | Gained mutation: You cannot be stealthy. [Ru sacrifice]
 34199 | Lair:5   | Reached **** piety under Ru
 35313 | D:15     | Entered Level 15 of the Dungeon
 35464 | D:14     | Noticed a fire giant
 35477 | D:14     | Killed a fire giant
 38316 | D:15     | Found Qiddeorch's Antique Weapon Shop.
 39010 | D:15     | Found a staircase to the Depths.
 39150 | Orc:1    | Entered Level 1 of the Orcish Mines
 39832 | Orc:2    | Entered Level 2 of the Orcish Mines
 41117 | Orc:2    | Found Wecsaha's General Store.
 41117 | Orc:2    | Found Rioj's Distillery.
 41136 | Orc:2    | Bought a potion of resistance for 150 gold pieces
 41282 | Orc:2    | Found Ijupaosa's Distillery.
 41282 | Orc:2    | Found Qiass's Antique Weapon Shoppe.
 41433 | Orc:2    | Bought a bloodstained quarterstaff for 225 gold pieces
 41433 | Orc:2    | Identified the +8 quarterstaff "Reixiecu" {speed, Drain rN+
                  | Will+ Stlth+} (You bought it in a shop on level 2 of the
                  | Orcish Mines)
 41445 | Orc:2    | Bought a potion of heal wounds for 80 gold pieces
 41445 | Orc:2    | Bought a potion of magic for 128 gold pieces
 41513 | Orc:2    | Bought 2 potions of heal wounds for 170 gold pieces
 41513 | Orc:2    | Bought a potion of heal wounds for 85 gold pieces
 41513 | Orc:2    | Bought a potion of mutation for 136 gold pieces
 41631 | Orc:2    | Found a staircase to the Elven Halls.
 42384 | Snake:1  | Entered Level 1 of the Snake Pit
 42445 | Snake:1  | Found Ufey's Distillery.
 42530 | Snake:1  | Found Syiweugu's Distillery.
 42533 | Snake:1  | Bought a potion of heal wounds for 85 gold pieces
 42537 | Snake:1  | Bought a potion of heal wounds for 60 gold pieces
 42537 | Snake:1  | Bought a potion of heal wounds for 60 gold pieces
 42663 | Snake:1  | Learned a level 4 spell: Cause Fear
 42708 | Snake:1  | Reached XP level 16. HP: 85/103 MP: 21/33
 43042 | Swamp:1  | Entered Level 1 of the Swamp
 43393 | Swamp:1  | Noticed Donald
 44353 | Lair:1   | Killed Donald
 45026 | Swamp:1  | Reached skill level 5 in Shields
 46100 | Swamp:1  | Gained mutation: [Your magical capacity is low. (-10% MP)]
                  | [Ru sacrifice]
 46100 | Swamp:1  | Reached ***** piety under Ru
 46203 | Swamp:3  | Identified the +4 spear of the Stopping Rat {vamp, rPois
                  | rF+ rCorr}
 51188 | Swamp:3  | Noticed a fenstrider witch
 51192 | Swamp:3  | Killed a fenstrider witch
 52105 | Swamp:4  | Entered Level 4 of the Swamp
 53347 | Swamp:3  | Reached skill level 10 in Shields
 53850 | Swamp:4  | Reached skill level 5 in Maces & Flails
 53886 | Swamp:4  | Reached XP level 17. HP: 111/111 MP: 7/30
 55285 | Swamp:4  | Reached skill level 13 in Earth Magic
 56542 | Swamp:4  | Reached skill level 14 in Earth Magic
 57058 | Swamp:4  | Got a decaying rune of Zot
 59001 | Snake:1  | Reached skill level 15 in Earth Magic
 59219 | Lair:3   | Learned a level 4 spell: Animate Armour
 59513 | Snake:2  | Found a transporter.
 59516 | Snake:2  | Noticed Amplified's ghost (adept GnFi)
 59517 | Snake:2  | Found a transporter.
 59799 | Snake:2  | Noticed Aizul
 59810 | Snake:2  | Killed Aizul
 60599 | Snake:2  | Identified the +1 robe of Vipirghat {rElec rF+}
 60718 | Snake:2  | Reached skill level 16 in Earth Magic
 62363 | Snake:3  | Identified the +6 scimitar of Gudghij {pain, rCorr Str+3}
 62369 | Snake:3  | Reached skill level 17 in Earth Magic
 62730 | Snake:3  | Found a shimmering blue altar of Sif Muna.
 62886 | Snake:3  | Gained mutation: You cannot train Armour skill. [Ru
                  | sacrifice]
 63076 | Snake:3  | Found a transporter.
 63254 | Snake:3  | Reached XP level 18. HP: 101/116 MP: 17/31
 64358 | Snake:4  | Entered Level 4 of the Snake Pit
 64699 | Snake:3  | Got the Commentary on Fateful Conflict
 64723 | Snake:3  | Found a transporter.
 64929 | Snake:4  | Reached skill level 1 in Summonings
 65605 | Snake:4  | Found Huoluewn's Armour Emporium.
 66927 | Snake:4  | Reached skill level 10 in Dodging
 68984 | Snake:4  | Got a serpentine rune of Zot
 69890 | Snake:4  | Identified the +0 helmet of the Realm of Zot {rCorr}
 70795 | Depths:1 | Entered Level 1 of the Depths
 70853 | Depths:1 | Reached XP level 19. HP: 121/121 MP: 5/32
 72423 | Elf:1    | Entered Level 1 of the Elven Halls
 75525 | Elf:1    | Learned a level 3 spell: Mephitic Cloud
 75576 | Elf:1    | Found Itweumext's Antique Weapon Shop.
 76025 | Elf:1    | Reached skill level 15 in Fighting
 77689 | Elf:2    | Found a runed translucent gate.
 77689 | Elf:2    | Found a runed translucent gate.
 77689 | Elf:2    | Found a runed translucent gate.
 77893 | Elf:2    | Paralysed by an air elemental for 1 turns
 77897 | Elf:2    | Paralysed by an air elemental for 1 turns
 78063 | Elf:2    | Reached skill level 15 in Spellcasting
 80287 | Elf:2    | Reached XP level 20. HP: 131/131 MP: 19/35
 80671 | Elf:3    | Entered Level 3 of the Elven Halls
 82784 | Elf:3    | Identified the +3 leather armour of Riaraz {rElec rN+
                  | Int-2}
 82784 | Elf:3    | Identified the ring "Sirofoump" {Wiz rF+ Slay+3}
 83105 | Elf:2    | Learned a level 6 spell: Starburst
 83528 | Elf:3    | Found Gyder's Weapon Emporium.
 84012 | Elf:3    | Noticed a Brimstone Fiend
 84721 | Elf:3    | Reached skill level 5 in Fire Magic
 84914 | Elf:3    | Identified the amulet "Hiug" {Contam Regen+ Int+5 Slay+6}
 85194 | Elf:3    | Got Copug's Reference Book on Weathered Accelerants
 85199 | Elf:3    | Got the Codex of Stones
 85203 | Elf:3    | Got the Dissertation on the Vexing Snowflakes
 85212 | Elf:3    | Identified the staff of cold "Jaegazik" {*Corrode +Blink
                  | rC+ SInv}
 85248 | Elf:3    | Gained mutation: You are weak. (Str -2) [a cacodemon]
 85302 | Elf:3    | Got the Monograph on Grounded Curses
 85304 | Elf:3    | Identified the +8 war axe "Jellybane" {vamp, MP+9 Dex+3}
 85324 | Elf:3    | Learned a level 5 spell: Lee's Rapid Deconstruction
 85446 | Elf:3    | Identified the +4 scale mail of Chimes {Fly rC+++ rCorr
                  | Str-4}
 85941 | Vaults:1 | Entered Level 1 of the Vaults
 86758 | Vaults:1 | Noticed Asterion
 86771 | Vaults:1 | Killed Asterion
 87414 | Vaults:1 | Learned a level 8 spell: Lehudib's Crystal Spear
 87756 | Vaults:1 | Reached skill level 5 in Summonings
 87928 | Vaults:1 | Noticed Saint Roka
 88467 | Vaults:1 | Identified the +6 plate armour of the Final Wishes {-Tele
                  | rN+++ Regen+ Dex-5}
 89164 | Vaults:1 | Learned a level 5 spell: Summon Mana Viper
 89206 | Vaults:1 | Reached XP level 21. HP: 134/135 MP: 4/37
 89472 | Vaults:1 | Killed Saint Roka
 89807 | Vaults:1 | Found a radiant altar of Vehumet.
 89815 | Vaults:1 | Identified the +0 robe of Midnight {Dex+2}
 89816 | Vaults:1 | Identified the +2 hat of Quit {rC+}
 91523 | Vaults:1 | Glimpsed the power of Zot.
 92765 | Vaults:2 | Noticed Zenata
 92820 | Vaults:2 | Killed Zenata
 95028 | Vaults:3 | Found Hoominydgh's General Store.
 95040 | Vaults:3 | Bought an amulet of magic regeneration for 390 gold pieces
 95477 | Vaults:3 | Reached skill level 18 in Earth Magic
 95696 | Vaults:3 | Bought a potion of haste for 130 gold pieces
 95870 | Vaults:3 | Identified the +7 plate armour "Plog" {Rampage Dex+2}
 96030 | Vaults:3 | Found a runed translucent gate.
 96033 | Vaults:3 | Found a runed translucent gate.
 96033 | Vaults:3 | Found a runed translucent gate.
 96035 | Vaults:3 | Noticed TPoD's ghost (adept HOMo)
 96072 | Vaults:3 | Killed TPoD's ghost
 96073 | Vaults:3 | Reached XP level 22. HP: 142/147 MP: 2/39
 96207 | Vaults:3 | Identified the +1 arbalest of the Median {drain, Dex+3
                  | Stlth+}
 96308 | Vaults:3 | Found a staircase to the Crypt.
 96308 | Vaults:3 | Found an ancient bone altar of Kikubaaqudgha.
 96311 | Vaults:3 | Found a basalt altar of Yredelemnul.
 96348 | Vaults:3 | Reached skill level 19 in Earth Magic
 97296 | Vaults:4 | Reached skill level 15 in Conjurations
 97881 | Vaults:4 | Noticed Sojobo
 97890 | Vaults:4 | Paralysed by an air elemental for 1 turns
 97900 | Vaults:4 | Paralysed by an air elemental for 1 turns
 97904 | Vaults:4 | Paralysed by an air elemental for 1 turns
 97912 | Vaults:4 | Paralysed by an air elemental for 1 turns
 97928 | Vaults:4 | Killed Sojobo
 99235 | Depths:1 | Found a gateway to Hell.
 99721 | Depths:1 | Found Anecuoc's Jewellery Boutique.
 99722 | Depths:1 | Found Ritzex's Book Emporium.
 99728 | Depths:1 | Found Sihys's Book Emporium.
 99744 | Depths:1 | Bought a book of the Earth for 432 gold pieces
 99744 | Depths:1 | Bought a book of Spatial Translocations for 216 gold pieces
 99749 | Depths:1 | Learned a level 2 spell: Blink
 99981 | Depths:1 | Found a shadowy altar of Dithmenos.
100079 | Depths:1 | Found a one-way gate leading to the halls of Pandemonium.
100928 | Depths:2 | Reached skill level 15 in Shields
101279 | Depths:2 | Noticed a golden dragon
101292 | Depths:2 | Killed a golden dragon
102005 | Depths:2 | Noticed a caustic shrike
102016 | Depths:2 | Killed a caustic shrike
102202 | Depths:2 | Reached XP level 23. HP: 155/155 MP: 4/40
102766 | Depths:3 | Noticed Mara
102813 | Depths:3 | Noticed Kagerus's illusion
102927 | Depths:3 | Killed Mara
103551 | Depths:3 | Identified the +7 great mace of the Bedazzling Gods {heavy,
                  | rElec}
104281 | Depths:3 | Found a corrupted altar of Lugonu.
104706 | Depths:4 | Entered Level 4 of the Depths
104940 | Depths:4 | Noticed a golden dragon
104951 | Depths:4 | Killed a golden dragon
105175 | Depths:4 | Found a one-way gateway to a ziggurat.
105290 | Depths:4 | Noticed a golden dragon
105298 | Depths:4 | Killed a golden dragon
106140 | Depths:4 | Reached skill level 20 in Earth Magic
106740 | Depths:4 | Found a runed translucent door.
106767 | Depths:4 | Found a runed translucent door.
106771 | Depths:4 | Found a runed translucent door.
106781 | Depths:4 | Found a runed translucent door.
107031 | Depths:4 | Found a runed translucent door.
107031 | Depths:4 | Found a runed translucent door.
107101 | Depths:4 | Found a gate to the Realm of Zot.
107662 | Vaults:5 | Entered Level 5 of the Vaults
107666 | Vaults:5 | Reached skill level 21 in Earth Magic
107666 | Vaults:5 | Reached XP level 24. HP: 118/163 MP: 33/40
109145 | Abyss:4  | Found a corrupted altar of Lugonu.
109145 | Abyss:4  | Cast into level 4 of the Abyss (a deep elf sorcerer)
109726 | Abyss:5  | Reached skill level 22 in Earth Magic
109834 | Abyss:5  | Found a corrupted altar of Lugonu.
109888 | Abyss:7  | Entered Level 7 of the Abyss
110141 | Abyss:7  | Gained mutation: Armour fits poorly on your strangely
                  | shaped body. [a cacodemon]
110875 | Abyss:7  | Reached XP level 25. HP: 168/168 MP: 7/40
111057 | Abyss:7  | Noticed an ancient lich
111059 | Abyss:7  | Killed an ancient lich
111080 | Abyss:7  | HP: 2/113 [starcursed mass/accursed screaming (7)]
111080 | Abyss:7  | Killed from afar by a daeva

Illustrated notes

Levels and vault maps discovered:
D:1:      dpeg_arrival_lava_temple_mockup, layout_basic
D:2:      layout_loops_corners, serial_shops, nicolae_shop_real_fake_doors,
          uniq_sigmund
D:3:      layout_rooms, mainiacjoe_overflow_swirl, kennysheep_generic_room_12
D:4:      layout_gridville, nicolae_overflow_hidden_temple, uniq_robin,
          uniq_menkaure
D:5:      layout_loops_ring, grunt_temple_overflow_holy_war,
          mainiacjoe_overflow_boulevard, cheibriados_altar_1,
          gup_sewer_entry_bowl
D:6:      layout_basic, minmay_temple_entry_sparse_star
D:7:      layout_basic, enter_bailey_5, minmay_starry_boxes
D:8:      layout_loops_ring, trog_ov_bears_minmay,
          hellmonk_ghost_happy_afterlife, minmay_fire_ice_demons
D:9:      layout_loops_ring
D:10:     layout_loops_corners, kiku_gazebo_garden_becter,
          nicolae_transporter_intersection
D:11:     layout_long_grid, erik_lair_dragon, serial_shops, shop,
          grunt_ogre_cave, minmay_nine_imps
D:12:     layout_basic, kennysheep_orc_monster_closet_entryway,
          kb_lookout_dungeons_type
D:13:     minmay_razor_zed, layout_basic
D:14:     lemuel_flame_loot_2, layout_loops_ring,
          hangedman_vaults_entry_quadrant_bands, serial_glass, glass_columns_a,
          glass_columns_a, nicolae_blasting_shop
D:15:     hangedman_depths_entry_try_elsewhere_first, layout_basic,
          serial_shops, shop, abandoned_shop
Temple:   hellmonk_temple_flake
Lair:1:   layout_chaotic_city, grunt_megastairs_1
Lair:2:   layout_misc_corridors, minmay_swamp_entry_worms, serial_forest,
          infiniplex_forest_lined_2, infiniplex_forest_straight_4,
          infiniplex_forest_end_3, infiniplex_forest_clump_small,
          infiniplex_forest_end_3, infiniplex_forest_end_2,
          infiniplex_forest_clump_medium, basic_altar, beast_lair_carwin_11
Lair:3:   layout_gridlike, guppyfry_snake_entry_garden,
          amcnicky_altar_lugonu_corruption
Lair:4:   layout_regular_city, uniq_sonja
Lair:5:   minmay_lair_end_frog_pond, layout_big_grid,
          nicolae_slime_entry_field_trip
Swamp:1:  layout_basic_swamp, evilmike_swamp_ruin_wall, swamp_pool1, uniq_donald
Swamp:2:  layout_basic_swamp, evilmike_swamp_ruin_house_2
Swamp:3:  nicolae_swamp_long_stream, layout_basic_swamp,
          evilmike_swamp_ruin_house_3, swamp_pool1,
          nicolae_swamp_very_dense_foliage
Swamp:4:  swamp_vile, layout_basic_swamp, nicolae_swamp_bloodsuckers_inc
Snake:1:  layout_onion, minmay_shop_star
Snake:2:  layout_grid_shapes, gammafunk_ghost_arena, uniq_aizul
Snake:3:  gammafunk_sealed_library, layout_misc_corridors, special_room,
          evilmike_ambush [evilmike_ambush_outer_corners,
          evilmike_ambush_inner_pond]
Snake:4:  grunt_snake_rune_spirals, layout_onion, serial_shops, shop,
          special_room, lemuel_fruit_tree
Orc:1:    layout_diamond_mine, minmay_orc_temple_b
Orc:2:    st_orc_town, layout_diamond_mine
Elf:1:    nicolae_elf_arrival_aired_out, layout_loops_corners, serial_shops,
          shop, portal_desolation_entry_salt,
          hangedman_elven_crosses_minicolossus, nicolae_elf_archery_training
Elf:2:    elven_hall_of_blades_hangedman_original
          [nicolae_blade_entry_floor_patterns], layout_geoelf_octagon,
          minivault_19, nicolae_elf_loose_elemental_storage
Elf:3:    nooodl_elf_gasket, layout_geoelf_octagon, serial_glass,
          glass_columns_c, glass_columns_a, serial_shops,
          nicolae_shop_tiny_real_fake_doors, serial_sigils_hangedman_quiver,
          minivault_11
Vaults:1: nicolae_vaults_alarming, nicolae_vaults_sesquioval_fish,
          nicolae_vaults_variable_pillar_hall, nicolae_vaults_little_squares_4,
          vaults_room_door_hall, v_misc_24, vaults_standard_mumra_lines,
          vaults_room_fours, grunt_tower_of_power, nicolae_vaults_house_2,
          nicolae_vaults_storage_closets_1, layout_vaults_omnicross,
          uniq_asterion, uniq_saint_roka
Vaults:2: v_pattern_3, ontoclasm_vaults_pinch, ontoclasm_vaults_eye,
          nicolae_vaults_steering_wheel, nicolae_vaults_closet_pinwheel_2,
          nicolae_vaults_loss_of_containment, hangedman_vaults_impose,
          ontoclasm_vaults_ring_large, nicolae_vaults_tetromino_L_2,
          hangedman_vaults_hat, nicolae_vaults_diagonal_hallway_6,
          nicolae_vaults_trapezoid_4, vaults_dpeg_diagonal,
          nicolae_vaults_tetromino_Z_1, hangedman_vaults_corner_blocks,
          layout_vaults_big_room, uniq_zenata
Vaults:3: ebering_ghost_rock_garden, vaults_room_fours,
          minmay_crypt_entry_necro_gods, nicolae_vaults_yaktaur_gun_rack,
          v_misc_12, nicolae_vaults_closet_pinwheel_3, v_pattern_4,
          nicolae_vaults_network_s, nicolae_vaults_rhombus_6,
          grunt_vaults_bifocal, nicolae_vaults_tangram_2, vaults_dpeg_ring,
          layout_vaults_maze_bifur, serial_shops, shop
Vaults:4: nicolae_vaults_three_branches, nicolae_vaults_ring_of_whatevers,
          nicolae_vaults_diagonal_hallway_7, hangedman_vaults_variations,
          nicolae_vaults_little_squares_4, nicolae_vaults_trapezoid_lopsided_1,
          ontoclasm_vaults_gateway, vaults_room_corners,
          vaults_dpeg_encased_lava, layout_vaults_omnigrid, uniq_sojobo
Vaults:5: serial_shops
Depths:1: layout_honeycomb, pan_entry, hell_entry,
          grunt_dithmenos_smoke_and_mirrors, nicolae_twisting_strands,
          minmay_fractal_squares_diagonal_5, minmay_shop_grove
Depths:2: nzn_winding_woodlands_cross [nzn_winding_woodlands_5x15_sawtooth,
          nzn_winding_woodlands_5x15_pockets,
          nzn_winding_woodlands_5x15_pathside_ponds,
          nzn_winding_woodlands_5x15_cabin,
          nzn_winding_woodlands_15x15_five_gardens], layout_gridville,
          hangedman_abyss_entry_splay, grunt_pan_entry_spiral,
          grunt_mini_vestibule, serial_bayou_shore_b, serial_bayou_shore_a
Depths:3: grated_community_mu [grated_community_mu_vampire_home,
          grated_community_mu_giant_home, grated_community_mu_spellcaster_home,
          grated_community_mu_orcish_home, grated_community_mu_troll_home,
          grated_community_mu_taur_home, grated_community_mu_unbuilt_plot],
          layout_cave_shapes, pf_coc_iceberg, abyss_entry_flame_altar,
          uniq_josephina, uniq_mara
Depths:4: evilmike_zot_entry_castle, layout_basic, ziggurat_fallback, hell_entry
Abyss:7:  base: Vaults:5, base: Snake:2, evilmike_abyss_exit_4,
          patterned_corridor, evilmike_nicolae_abyss_rune_containment_curve,
          evilmike_abyss_exit_6, minivault_20, doesnt_abyss_rune_brain_food,
          abyss_exit_lava, minivault_20, serial_sigils_hangedman_gut,
          hangedman_abyss_theft, evilmike_abyss_exit_plants,
          nicolae_abyss_rune_left_handed, evilmike_abyss_exit_5,
          evilmike_abyss_rune_tso_outpost

Skill      XL: |  1  2  3  4  5  6  7  8  9 10 11 12 13 14 15 16 17 18 19 20 21 22 23 24 25 |
---------------+----------------------------------------------------------------------------+-----
Earth Magic    | 4 5 7 9 10 12 17 18 19 21 22 | 22.9
Spellcasting   | 3 4 5 6 9 10 13 15 17 18 | 18.0
Fighting       | 2 3 4 5 7 8 10 12 14 15 16 18 19 20 | 20.0
Maces & Flails | 1 2 3 5 6 |  6.2
Conjurations   | 2 5 6 8 12 14 16 18 20 | 20.0
Staves         | 1 2 4 5 7 |  7.7
Dodging        | 2 3 5 7 8 10 11 | 11.3
Transmutations | 2 5 0 |  0.0
Fire Magic     | 2 4 6 |  6.0
Armour         | 4 5 0 |  0.0
Shields        | 3 10 14 15 17 | 17.0
Hexes          | 5 |  5.8
Stealth        | 0 |  0.0
Summonings     | 2 7 |  7.1

Action                     |  1- 3 |  4- 6 |  7- 9 | 10-12 | 13-15 | 16-18 | 19-21 | 22-24 | 25-27 || total
---------------------------+-------+-------+-------+-------+-------+-------+-------+-------+-------++-------
  Melee: Unarmed           |    12 |       |       |       |       |       |       |       |       ||    12
         Club              |       |     7 |       |       |       |       |       |       |       ||     7
         Mace              |       |     2 |    10 |       |       |       |       |       |       ||    12
         Flail             |       |       |    16 |       |       |       |       |       |       ||    16
         Staff             |       |       |    55 |    17 |     6 |    58 |   267 |   257 |       ||   660
         Punch             |       |       |     3 |       |       |       |       |       |       ||     3
         Lajatang          |       |       |       |   147 |   727 |   100 |       |    76 |       ||  1050
         Whip              |       |       |       |       |       |    65 |    53 |       |       ||   118
         Morningstar       |       |       |       |       |       |       |   457 |   377 |       ||   834
         Demon whip        |       |       |       |       |       |       |       |   399 |   141 ||   540
  Throw: Dart              |     4 |     6 |    14 |    12 |    56 |     8 |     9 |     3 |       ||   112
         Throwing net      |       |       |       |     2 |       |     1 |       |       |       ||     3
   Cast: Sandblast         |    54 |    61 |    49 |    42 |    93 |   461 |   267 |       |       ||  1027
         Stone Arrow       |       |       |   137 |   299 |   291 |   267 |   411 |    79 |       ||  1484
         Passwall          |       |       |     2 |     2 |       |       |       |       |       ||     4
         Petrify           |       |       |       |     8 |    13 |       |       |       |       ||    21
         Dazzling Flash    |       |       |       |     7 |    24 |    23 |    11 |     2 |       ||    67
         Fireball          |       |       |       |     2 |    13 |     1 |       |       |       ||    16
         Iron Shot         |       |       |       |       |    81 |   175 |   186 |   501 |    17 ||   960
         Iskenderun's Batt |       |       |       |       |    34 |   107 |    33 |    27 |       ||   201
         Swiftness         |       |       |       |       |     1 |     3 |       |       |       ||     4
         Animate Armour    |       |       |       |       |       |    29 |    39 |       |       ||    68
         Cause Fear        |       |       |       |       |       |     3 |       |     1 |       ||     4
         Mephitic Cloud    |       |       |       |       |       |       |    32 |    43 |       ||    75
         Starburst         |       |       |       |       |       |       |    55 |    32 |       ||    87
         Summon Mana Viper |       |       |       |       |       |       |    34 |    61 |       ||    95
         Lehudib's Crystal |       |       |       |       |       |       |       |    21 |     2 ||    23
         Lee's Rapid Decon |       |       |       |       |       |       |       |     2 |       ||     2
         Blink             |       |       |       |       |       |       |       |     2 |     1 ||     3
 Invoke: Reject Sacrifices |       |       |     1 |     2 |     1 |     2 |     1 |     1 |       ||     8
         Sacrifice Artific |       |       |       |     1 |       |       |       |       |       ||     1
         Sacrifice Arcana  |       |       |       |       |     1 |       |       |       |       ||     1
         Draw Out Power    |       |       |       |       |     1 |     7 |     5 |     5 |       ||    18
         Power Leap        |       |       |       |       |     1 |     2 |     1 |       |       ||     4
         Sacrifice Stealth |       |       |       |       |     1 |       |       |       |       ||     1
         Sacrifice Essence |       |       |       |       |       |     1 |       |       |       ||     1
         Apocalypse        |       |       |       |       |       |     1 |     1 |     3 |     1 ||     6
         Sacrifice Durabil |       |       |       |       |       |     1 |       |       |       ||     1
  Evoke: Wand              |       |       |       |     1 |       |       |       |       |       ||     1
    Use: Potion            |     1 |       |       |       |       |    15 |     2 |     9 |     1 ||    28
         Scroll            |       |       |    13 |     7 |    12 |    15 |    11 |    19 |     3 ||    80
   Stab: Sleeping          |     1 |       |       |       |     6 |       |       |       |       ||     7
         Invisible         |       |       |       |     2 |     9 |     3 |     8 |     9 |       ||    31
         Petrified         |       |       |       |     2 |    36 |       |       |       |       ||    38
         Distracted        |       |       |       |       |     1 |     4 |     2 |     1 |       ||     8
         Paralysed         |       |       |       |       |       |     1 |       |       |       ||     1
         Confused          |       |       |       |       |       |       |     1 |     6 |       ||     7
 Armour: Robe              |    36 |    12 |    32 |    78 |       |     2 |   455 |   699 |    48 ||  1362
         Steam dragon scal |       |       |       |    19 |   440 |   330 |       |       |       ||   789
  Dodge: Dodged            |    69 |    23 |   128 |   242 |   687 |   482 |   566 |   703 |    33 ||  2933
  Block: Other             |       |       |    18 |    75 |   228 |    49 |       |       |       ||   370
         Reflection        |       |       |       |     5 |     8 |    84 |    96 |    29 |     3 ||   225
         Buckler           |       |       |       |       |     8 |   440 |       |       |       ||   448
         Kite shield       |       |       |       |       |       |   113 |  1264 |   855 |    69 ||  2301
